Map: Odyssey LE

Players

Strange

  • Race: Protoss Protoss
  • Spawn Location: 5:00

Zanster - Winner!

  • Race: Zerg Zerg
  • Spawn Location: 11:00

Event: WCS Valencia 2017

VOD

Have the link to the VOD?

Description

Time

  • Played on: July 13, 2017, 7:24 a.m.
  • Length: 13:48

All games in this series

Show
View Real Time Build Order
Export as new Build Order

Strange Protoss 

Build Orders: 1 Gate Expand 

Get SALT Encoding   

  12  0:01  Probe (Chrono Boost)  
  13  0:11  Probe (Chrono Boost)  
  14  0:18  Pylon  
  14  0:22  Probe (Chrono Boost)  
  15  0:37  Probe (Chrono Boost)  
  15  0:39  Gateway  
  16  0:44  Assimilator  
  16  0:47  Probe (Chrono Boost)  
  17  0:58  Probe (Chrono Boost)  
  18  1:09  Probe (Chrono Boost)  
  19  1:22  Nexus  
  20  1:25  Probe (Chrono Boost)  
  20  1:38  Cybernetics Core  
  20  1:39  Probe (Chrono Boost)  
  21  1:45  Assimilator  
  21  1:50  Probe (Chrono Boost)  
  22  1:55  Pylon  
  22  2:00  Probe (Chrono Boost)  
  23  2:13  Probe (Chrono Boost)  
  23  2:14  Warp Gate (Chrono Boost), Adept (Chrono Boost)  
  26  2:22  Twilight Council  
  26  2:25  Probe  
  27  2:33  Probe  
  28  2:38  Adept (Chrono Boost)  
  28  2:41  Probe  
  28  2:43  Probe  
  32  2:54  Probe  
  32  2:55  Probe  
  34  2:58  Resonating Glaives (Chrono Boost)  
  34  3:13  Probe, Gateway  
  34  3:14  Gateway, Adept  
  34  3:18  Probe  
  38  3:25  Probe  
  39  3:30  Probe  
  40  3:37  Probe, Adept, Pylon  
  43  3:44  Probe  
  44  3:49  Probe  
  44  3:54  Nexus  
  45  3:58  Mothership Core  
  45  4:01  Probe  
  48  4:05  Pylon  
  48  4:14  Adept  
  48  4:15  Adept x2  
  54  4:19  Pylon  
  54  4:21  Probe  
  54  4:23  Probe  
  56  4:27  Pylon  
  55  4:31  Robotics Facility  
  55  4:38  Probe x2, Assimilator x2  
  57  4:48  Sentry x2  
  57  4:49  Stalker  
  57  4:50  Probe x2  
  65  5:00  Probe  
  65  5:02  Probe  
  65  5:03  Forge  
  65  5:06  Probe  
  67  5:11  Probe  
  70  5:14  Probe  
  70  5:16  Probe  
  71  5:22  Probe, Immortal (Chrono Boost)  
  71  5:25  Charge (Chrono Boost)  
  71  5:26  Probe  
  71  5:27  Probe  
  73  5:29  Sentry  
  73  5:30  Sentry  
  73  5:34  Sentry  
  81  5:35  Probe  
  81  5:37  Probe  
  81  5:38  Probe  
  83  5:43  Pylon  
  83  5:47  Probe  
  83  5:48  Probe, Protoss Ground Weapons Level 1 (Chrono Boost)  
  85  5:50  Probe  
  85  5:53  Zealot  
  85  5:56  Observer, Pylon x2  
  88  5:59  Probe  
  90  6:05  Probe  
  90  6:07  Probe, Gateway  
  90  6:10  Gateway  
  92  6:12  Probe, Gateway  
  92  6:16  Probe  
  92  6:17  Assimilator  
  92  6:18  Immortal, Assimilator  
  94  6:19  Probe  
  94  6:24  Probe  
  100  6:26  Probe  
  100  6:29  Pylon  
  101  6:34  Pylon, Stalker x2  
  105  6:44  Gateway x2  
  105  6:48  Photon Cannon  
  105  6:51  Photon Cannon  
  105  6:52  Warp Prism  
  105  6:59  Sentry x2  
  105  7:00  Colossus, Adept  
  113  7:05  Pylon  
  113  7:11  Adept  
  113  7:12  Adept x2  
  119  7:17  Pylon  
  119  7:20  Pylon  
  119  7:22  Stalker  
  119  7:23  Stalker x2  
  119  7:29  Protoss Ground Weapons Level 2 (Chrono Boost)  
  125  7:41  Adept x5  
  135  7:45  Adept x2  
  135  7:46  Adept  
  135  7:48  Observer  
  141  7:53  Pylon  
  119  8:07  Adept x2  
  119  8:08  Adept x6  
  115  8:30  Zealot x2  
  115  8:31  Adept x6  
  108  8:42  Probe x2  
  108  8:44  Probe  
  99  8:51  Sentry x5  
  99  8:52  Adept x3  
  99  8:53  Immortal  
  99  8:54  Probe  
  108  9:00  Dark Shrine  
  112  9:16  Adept x5  
  122  9:22  Zealot  
  124  9:24  Zealot  
  124  9:28  Zealot  
  128  9:40  Zealot x5  
  96  9:56  Immortal  
  72  10:03  Sentry x3  
  72  10:04  Zealot x2  
  72  10:05  Zealot x2  
  80  10:25  Dark Templar x4  
  88  10:30  Immortal  
  92  10:36  Templar Archives  
  92  10:39  Dark Templar  
  92  10:40  Dark Templar  
  96  10:43  Dark Templar  
  96  10:46  Zealot  
  97  10:58  Zealot x2  
  97  10:59  Zealot x2  
  87  11:05  Psionic Storm  
  73  11:20  High Templar x4  
  79  11:30  Immortal  
  79  11:32  Archon  
  77  11:39  Sentry  
  81  11:45  Pylon  
  79  11:48  Zealot x3  
  84  11:58  Zealot x4  
  92  12:04  Immortal  
  92  12:14  High Templar x2  
  98  12:25  Mothership Core  
  98  12:29  Photon Cannon  
  100  12:30  Zealot x2  
  100  12:31  Zealot x4  
  112  12:53  High Templar x3  
  112  12:54  High Templar  
  112  12:56  Immortal  
  112  12:58  Archon x2  
  120  12:59  Nexus  
  114  13:16  High Templar  
  114  13:17  High Templar  
  114  13:18  Zealot x2  
  110  13:21  Archon  
  98  13:35  Zealot x3  
  98  13:36  Zealot  
Show
View Real Time Build Order
Export as new Build Order

Zanster Zerg - Winner!

Build Orders: Hatch First 

Get SALT Encoding   

  12  0:02  Drone  
  13  0:15  Overlord  
  13  0:18  Drone  
  14  0:33  Drone x2  
  16  0:37  Drone  
  17  0:53  Hatchery  
  17  0:55  Drone  
  17  0:59  Drone  
  18  1:09  Extractor  
  17  1:12  Spawning Pool  
  17  1:15  Drone  
  17  1:20  Drone  
  18  1:31  Drone  
  19  1:41  Drone  
  20  1:52  Overlord  
  20  2:00  Queen  
  22  2:04  Queen  
  22  2:05  Zergling x4  
  26  2:09  Metabolic Boost  
  26  2:13  Zergling x2  
  27  2:21  Drone  
  28  2:24  Drone  
  28  2:28  Drone  
  30  2:35  Drone  
  31  2:39  Hatchery  
  31  2:43  Drone  
  31  2:49  Overlord  
  31  2:52  Queen  
  31  2:55  Drone  
  31  2:58  Drone  
  35  2:59  Drone  
  36  3:12  Drone x5  
  41  3:15  Drone  
  41  3:16  Drone  
  42  3:24  Roach Warren  
  41  3:27  Overlord  
  41  3:30  Drone  
  41  3:32  Drone  
  41  3:33  Drone  
  44  3:40  Extractor, Drone  
  44  3:44  Overlord  
  43  3:48  Drone  
  43  3:49  Drone x4  
  43  3:51  Drone  
  43  3:54  Drone  
  43  3:55  Overlord  
  50  4:06  Roach  
  50  4:07  Roach x2  
  56  4:13  Roach  
  56  4:14  Roach x2  
  62  4:22  Roach x4  
  62  4:23  Overlord  
  70  4:26  Extractor, Drone x2  
  70  4:29  Drone x2  
  73  4:37  Lair  
  73  4:38  Drone x2  
  73  4:44  Drone x4  
  78  4:45  Overlord  
  78  4:48  Drone  
  79  4:54  Drone  
  79  4:55  Drone x2  
  79  4:57  Overlord  
  79  4:58  Extractor, Overlord  
  79  4:59  Drone  
  82  5:11  Overlord  
  82  5:15  Drone x5  
  86  5:21  Drone  
  86  5:22  Drone  
  86  5:23  Overlord  
  86  5:24  Drone x2  
  86  5:25  Drone  
  86  5:26  Drone  
  86  5:27  Drone  
  92  5:32  Hatchery  
  92  5:33  Evolution Chamber  
  92  5:34  Evolution Chamber  
  89  5:36  Roach  
  89  5:37  Roach x2  
  89  5:39  Overlord  
  89  5:41  Glial Reconstitution  
  95  5:46  Ravager x3, Hydralisk Den  
  95  5:49  Drone  
  99  5:50  Drone x3  
  99  5:52  Extractor, Drone  
  99  5:54  Overlord x2  
  102  5:57  Roach x2  
  102  6:01  Roach x2  
  102  6:02  Roach  
  102  6:03  Overseer  
  112  6:08  Zergling x4  
  112  6:11  Zerg Missile Weapons Level 1  
  114  6:13  Zergling x6  
  114  6:17  Overlord  
  117  6:23  Extractor  
  117  6:24  Hydralisk x2  
  120  6:30  Hydralisk x4  
  128  6:34  Hydralisk  
  128  6:37  Hydralisk  
  132  6:41  Hydralisk  
  132  6:42  Zergling x8  
  132  6:43  Overlord  
  137  6:48  Hydralisk  
  137  6:49  Hydralisk  
  141  6:56  Overlord  
  141  6:58  Drone x2  
  143  7:03  Muscular Augments  
  143  7:05  Drone x2  
  143  7:06  Hydralisk x2  
  143  7:07  Zergling x4  
  151  7:09  Zergling x2  
  151  7:12  Overlord x2  
  152  7:20  Queen  
  152  7:21  Hydralisk x2  
  158  7:32  Zergling x18  
  158  7:33  Zergling x2  
  158  7:36  Zergling x2  
  158  7:37  Zergling x4  
  171  7:40  Zergling x10  
  171  7:41  Pneumatized Carapace  
  175  7:51  Overlord x2  
  175  7:52  Overlord  
  175  7:56  Zergling x2  
  175  8:01  Baneling Nest  
  175  8:04  Hydralisk x8  
  147  8:13  Hydralisk  
  147  8:14  Hydralisk x4, Zergling x2  
  145  8:20  Hydralisk x3  
  145  8:21  Zergling x2  
  145  8:23  Zergling x4  
  145  8:34  Roach x4  
  137  8:42  Roach x2  
  137  8:47  Hydralisk  
  137  8:49  Roach  
  137  8:54  Roach  
  138  8:58  Roach x2  
  141  9:05  Ravager x8  
  149  9:13  Zergling x14  
  149  9:14  Zergling x4  
  149  9:16  Zerg Missile Weapons Level 2  
  158  9:20  Hatchery  
  157  9:24  Evolution Chamber  
  157  9:25  Centrifical Hooks  
  157  9:28  Zergling x12  
  162  9:35  Zergling x12  
  164  9:51  Hydralisk  
  164  9:52  Zergling x10  
  145  9:54  Zergling x2  
  140  10:02  Zerg Melee Weapons Level 1  
  140  10:03  Drone x7  
  147  10:13  Hydralisk, Zergling x2  
  147  10:14  Zergling x4  
  152  10:15  Hatchery  
  152  10:19  Spire, Zergling x8  
  154  10:25  Zergling x2  
  154  10:26  Zergling x2  
  156  10:32  Zergling x6  
  159  10:37  Zergling x8  
  159  10:40  Overseer  
  163  10:43  Baneling x13  
  163  10:46  Zergling x8  
  163  10:49  Overlord  
  167  10:50  Overlord  
  167  10:55  Zergling x8  
  165  11:03  Overseer x2  
  108  11:12  Drone x6  
  108  11:13  Drone x3  
  108  11:15  Drone  
  108  11:16  Drone x2  
  112  11:21  Drone  
  112  11:22  Drone  
  112  11:25  Overseer  
  109  11:28  Drone x2  
  106  11:32  Drone  
  106  11:33  Drone x2  
  107  11:52  Drone x2  
  107  11:53  Drone x5  
  113  12:08  Overseer  
  113  12:13  Drone x6  
  117  12:18  Mutalisk x8  
  117  12:20  Mutalisk  
  135  12:23  Mutalisk  
  137  12:39  Hydralisk x7  
  137  12:40  Zergling x10  
  137  12:41  Zergling x2  
  156  12:44  Zergling x8  
  160  12:52  Zergling x6  
  160  12:53  Zergling x8  
  160  12:56  Overlord  
  167  12:59  Spine Crawler  
  167  13:00  Queen  
  167  13:04  Infestation Pit  
  167  13:07  Zergling x2  
  167  13:08  Zergling x10  
  169  13:15  Hydralisk x3  
  175  13:21  Baneling x15  
  175  13:22  Baneling  
  175  13:25  Zergling x2  
  175  13:26  Zergling x8  
  178  13:31  Zergling x10  
Tags
 
Add a new tag
Caveats
  • Supply blocks, unpowered buildings, or Contaminate may cause inaccurate times.
  • Supply counts are checked every 10 seconds.